woodfighter, neutral female human Wizard --- --.-- |...| ---.^.| ----- ---- |...--- --- --...-- --..| ---.|.| ---.--|.....-- --...| |...|.|---- |.%..||......| |...------------.....|...|---[|.-----....| . |-....................|.--|...|.| --...--- ---.- |....----------...-..------.--|.--- |.....| |.....| ---.---- |..^......| |%..| |...| |-....----|...-.-- |...| |.........|---*--- ---)----...%..|.--..>....| |.. -@--- ---.......||...| |......%%..............---.-- .u- ---..--.--.--- ---....)..........--........| ----|.....-- |)............-----.-....-- ---....--- ---..........^| --..)..| --.....| |........%..------.-...--- |.....| ---...................<..| |...--- |....-----------.......| ----- --.--- |.--.|..| --- --------- woodfighter the Thaumaturge Experience level: 6 Strength: 14 Dexterity: 12 Constitution: 12 Intelligence: 14 Wisdom: 16 Charisma: 11 Health: 0(32) Energy: 71(73) Def: 2 Gold: 306 Moves: 3463 Dungeon seed: keJquhWG9WjPkJI6 Game ID: woodfighter_1447933732 Your Inventory: Coins $ - 306 gold pieces Weapons a - a blessed +1 quarterstaff (weapon in hands) Armor e - an uncursed +0 cloak of magic resistance (being worn) q - an uncursed +0 pair of kicking boots y - an uncursed +0 orcish helm (being worn) z - a cursed -1 dwarvish cloak D - an uncursed +0 mummy wrapping H - an uncursed +0 mummy wrapping N - an uncursed +0 dwarvish cloak Comestibles m - 2 uncursed food rations t - an uncursed banana v - an uncursed eucalyptus leaf Scrolls l - 2 uncursed scrolls of water Spellbooks b - a blessed spellbook of force bolt g - an uncursed spellbook of sleep h - an uncursed spellbook of haste self w - an uncursed spellbook of confuse monster Rings k - an uncursed ring of teleport control s - an uncursed ring of shock resistance Wands d - a wand of nothing (0:4) o - a wand of enlightenment (0:13) u - a wand of enlightenment (0:12) x - a wand of magic missile (0:4) Tools c - an uncursed lock pick B - 5 uncursed wax candles (0:400) F - 7 blessed wax candles (0:400) Gems n - 2 uncursed worthless pieces of red glass r - 2 uncursed worthless pieces of green glass C - an uncursed luckstone G - an uncursed worthless piece of white glass Y - an uncursed topaz stone Spells and supernatural/magical abilities: Name Level Category Fail Memory a - force bolt 1 attack 8% 83% H - haste self 3 escape 100% 83% W - pray for help -- divine ? -- Your skills at the end: Miscellaneous Skills wands [Basic] Weapon Skills quarterstaff [Basic] Spellcasting Skills attack spells [Basic] enchantment spells [Basic] Final Attributes: You were devoutly aligned. You were magic-protected. You were telepathic. You were lucky. You had extra luck. Bad luck did not time out for you. Good luck did not time out for you. You are dead. Vanquished creatures: a dingo a gnome mummy a bugbear a pony a yellow light a gnome lord a kobold mummy a floating eye 2 kittens 2 dwarves 2 iguanas 2 hill orcs a centipede 2 dwarf zombies a wererat a werejackal an acid blob a hobgoblin 2 giant rats 3 yellow molds a green mold 9 gnomes 9 jackals 2 kobolds 3 newts 5 goblins 2 grid bugs 4 lichens 3 kobold zombies 66 creatures vanquished. Voluntary challenges: You used a wielded weapon 78 times, starting on turn 255. You did not apply a unicorn horn. You read items or engraved 2 times, starting on turn 1242. You never genocided any monsters. You never polymorphed an object. You never changed form. You used no wishes. You never split a pudding. You never wrote Elbereth's name. You never violated your personal moral code. Dungeon overview: The Dungeons of Doom: levels 1 to 4 Level 1 an altar to Anhur, some fountains a long staircase Level 2 (vault) a general store, a fountain Level 3 a fountain, a sink Level 4 (vault) a fountain stairs to The Gnomish Mines The Gnomish Mines: levels 5 to 6 Level 5 <- You were here stairs to The Dungeons of Doom Level 6 History has recorded: On T:1 you entered the Dungeons of Doom to retrieve the Amulet of Yendor! On T:52 you reached level 2 of The Dungeons of Doom. On T:903 you advanced to experience level 2. On T:1104 you reached level 3 of The Dungeons of Doom. On T:1409 you advanced to experience level 3. On T:1578 you reached level 4 of The Dungeons of Doom. On T:2088 you advanced to experience level 4. On T:2316 you reached level 1 of The Gnomish Mines. On T:2963 you advanced to experience level 5. On T:2987 you reached level 2 of The Gnomish Mines. On T:3204 you advanced to experience level 6. Score breakdown: Gold: 306 ( 30 points) Experience: 6 levels ( 500 points) Exploration: 6 levels ( 150 points) Discoveries: 2 items ( 100 points) Variety of kills: 29 monsters ( 1450 points) Major goal: (nothing yet) ( 0 points) Survival: died (score multiplied by 3) Total score: 6690 Latest messages: You kill the green mold! The pony kicks! The pony bites! You die... Final status: Goodbye woodfighter the Wizard, killed by a pony... You died in The Gnomish Mines on dungeon level 5 with 6690 points, and 306 pieces of gold, after 3463 moves. You were level 6 with a maximum of 32 hit points when you died.